 Dungeon Crawl Stone Soup version 0.28.0 (webtiles) character file.

Game seed: 14608932165553528966

1027 porpoise the Skirmisher (level 8, -10/91 HPs)
             Began as a Djinni Conjurer on Feb 15, 2022.
             Mangled by an ogre (15 damage)
             ... on level 5 of the Dungeon.
             The game lasted 00:17:00 (5077 turns).

porpoise the Skirmisher (Djinni Conjurer)           Turns: 5077, Time: 00:17:00

Health: -10/91     AC: 24    Str:  3 (6)  XL:     8   Next: 47%
Gold:   247        EV:  2    Int: 21 (22) God:
                   SH:  0    Dex: 11 (12)

rFire   . . .      SeeInvis .   a - +0 short sword
rCold   . . .      Faith    .   (no shield)
rNeg    . . .      Spirit   .   (armour currently unavailable)
rPois   ∞          Reflect  .   (helmet currently unavailable)
rElec   .          Harm     .   (cloak currently unavailable)
rCorr   .          Rampage  .   (gloves currently unavailable)
Will    .....      Clarity  +   (boots unavailable)
Stlth   ++........ NoTele   +   (no amulet)
HPRegen 0.25/turn               (no ring)
MPRegen 0.00/turn               (no ring)

@: mighty, tree-form, very slightly contaminated
A: stationary, stasis, torment immunity, boosted hp, sickness immunity, (fire
resistance 2), (cold vulnerability 1), float, innate caster, HP casting, extra
vitality 1, (iridescent scales 2), clarity
a: no special abilities


You were on level 5 of the Dungeon.
You were a tree.
You visited 1 branch of the dungeon, and saw 5 of its levels.

You collected 247 gold pieces.

Inventory:

Hand Weapons
 a - a +0 short sword (weapon)
 b - a +0 hunting sling
Missiles
 c - 82 stones
 f - 83 arrows
 m - 90 bolts
 u - a boomerang
Armour
 g - a +0 robe (melded)
Scrolls
 e - 3 scrolls of amnesia
 h - 2 scrolls of fog
 j - a scroll of identify {unknown}
 k - a scroll of noise {unknown}
 l - a scroll of magic mapping {unknown}
 p - a scroll of immolation {unknown}
 q - a scroll of enchant armour {unknown}
 t - a scroll of teleportation
Potions
 d - a potion of curing
 r - a potion of mutation


   Skills:
 * Level 5.7 Fighting
 - Level 2.1 Dodging
 + Level 4.0 Stealth
 * Level 5.5 Spellcasting


You couldn't memorise any spells.
You knew the following spells:

 Your Spells              Type           Power      Damage    Failure   Level
a - Magic Dart            Conj           100%       1d8       1%          1
b - Searing Ray           Conj           58%        2d6       1%          2
c - Fulminant Prism       Conj/Hex       14%        3d9       11%         4
d - Iskenderun's Mystic   Conj/Tloc      29%        2d7       11%         4
f - Conjure Flame         Conj/Fire      29%        6-21      3%          3
n - Pain                  Necr           100%       1d9       1%          1
r - Corpse Rot            Necr/Air       58%        N/A       1%          2
z - Dazzling Flash        Conj/Hex       58%        N/A       3%          3
Your spell library was empty.

Dungeon Overview and Level Annotations

Branches:
Dungeon (5/15)
 Temple: D:4-7

Altars:

Shops:
D:1 :!=   D:3 ?

Annotations:
D:2 Sigmund


Innate Abilities, Weirdness & Mutations

You are a tree.
Your roots penetrate the ground, keeping you stationary.
You cannot be teleported.
You are immune to unholy pain and torment.
Your maximum health is greatly increased.
Your equipment is partially melded.
You are immune to sickness and miasma.
You are immune to poison.
((Your flesh is very heat resistant. (rF++)))
((You are vulnerable to cold. (rC-)))
You float through the air rather than walking.
You learn spells naturally, not from books.
Your magical power is your life essence.
You have superior vitality. (+4 MHP)
((You are mostly covered in iridescent scales. (AC +4)))
You possess an exceptional clarity of mind.


Message History

* * * LOW HITPOINT WARNING * * *
The centaur zombie hits you.
* * * LOW HITPOINT WARNING * * *
The centaur zombie barely misses you.
You aren't carrying any items that you can evoke.
Unknown command.
Unknown command.
Okay, then.
It was a potion of curing.
You feel better. The centaur zombie hits you.
* * * LOW HITPOINT WARNING * * *
The centaur zombie kicks you but does no damage.
It was a potion of mutation.
You feel extremely strange.
Your thoughts seem clearer.
Iridescent scales grow over part of your body.
Iridescent scales spread over more of your body.
The centaur zombie barely misses you. x2; The centaur zombie hits you.
* * * LOW HITPOINT WARNING * * *
The centaur zombie kicks you but does no damage.
It was a potion of flight.
You feel more buoyant.
Unknown command.
It was a potion of degeneration.
There was something very wrong with that liquid.
You feel weakened.
You feel dopey.
You feel clumsy.
It was a potion of lignification.
You turn into a tree.
Your +0 robe melds into your body.
Your roots penetrate the ground.
The ogre hits you with a +0 giant club.
* * * LOW HITPOINT WARNING * * *
Okay, then.
Really attack while wielding your +0 hunting sling? [Y]es or [N]o only, please.
Really attack while wielding your +0 hunting sling? [Y]es or [N]o only, please.
Really attack while wielding your +0 hunting sling?
Okay, then.
a - a +0 short sword (weapon)
It was a potion of might.
You feel very mighty all of a sudden. The ogre hits you with a +0 giant club!
You die...

.. ##.....# #..# . #.....#
##.# #.....# #.# . ...#####
#.# .## #.## #.### ... #.
##...# (#.# ####....# ....
###########.......#
#..###.....ZhZO♣.###.###
#.#h..#############.#####
..#.)§### ##..........##
....Z..##### ##............##
#...##.....# #..............#
..)........###..............#
#...#.......##..............#
#...##......................#
#... #......................#


You could see a black bear, an ogre, a water moccasin zombie and a centaur
zombie.

Vanquished Creatures
  Duvessa (D:4)
  2 ogres
  2 centaurs (D:5)
  A phantom (D:4)
  2 scorpions
  Dowan (D:4)
  A water moccasin skeleton (D:3)
  An orc priest (D:4)
  Terence (D:2)
  An iguana (D:5)
  An orc wizard (D:4)
  A hound skeleton (D:4)
  3 gnolls (D:4)
  5 adders
  2 shadow imps (D:5)
  2 ufetubi
  A worm (D:4)
  2 dart slugs
  12 orcs
  A bat (D:1)
  2 endoplasms
  2 giant cockroaches
  8 goblins
  5 hobgoblins
  4 jackals (D:3)
  3 quokkas (D:3)
  6 ball pythons
  3 frilled lizards
  7 kobolds
  2 rats
85 creatures vanquished.

Vanquished Creatures (others)
  7 fulminant prisms
7 creatures vanquished.

Grand Total: 92 creatures vanquished

Notes
Turn   | Place    | Note
-------+----------+-------------------------------------------
     0 | D:1      | porpoise the Djinni Conjurer began the quest for the Orb.
     0 | D:1      | Reached XP level 1. HP: 15/15 MP: 0/0
   172 | D:1      | Reached XP level 2. HP: 19/22 MP: 0/0
   226 | D:1      | Found Pukh's Book Emporium.
   237 | D:1      | Found Etuenum's Jewellery Shoppe.
   306 | D:1      | Found a faded altar of an unknown god.
   311 | D:1      | Reached skill level 1 in Fighting
   494 | D:1      | Found Qopeigh's Distillery.
  1037 | D:2      | Reached XP level 3. HP: 23/27 MP: 0/0
  1037 | D:2      | Learned a level 1 spell: Pain
  1096 | D:2      | Noticed Terence
  1108 | D:2      | Killed Terence
  1109 | D:2      | Reached XP level 4. HP: 13/33 MP: 0/0
  1660 | D:2      | Noticed Sigmund
  1898 | D:3      | Reached XP level 5. HP: 21/39 MP: 0/0
  1898 | D:3      | Learned a level 2 spell: Corpse Rot
  2093 | D:3      | Found Vaupan's Magic Scroll Shop.
  2859 | D:4      | Reached XP level 6. HP: 35/46 MP: 0/0
  3373 | D:4      | Noticed Duvessa
  3379 | D:4      | Noticed Dowan
  3383 | D:4      | Killed Duvessa
  3384 | D:4      | Reached XP level 7. HP: 10/53 MP: 0/0
  3384 | D:4      | Learned a level 3 spell: Conjure Flame
  3643 | D:4      | Killed Dowan
  4180 | D:4      | Reached skill level 5 in Spellcasting
  4530 | D:5      | Entered Level 5 of the Dungeon
  4562 | D:5      | Reached skill level 5 in Fighting
  4562 | D:5      | Reached XP level 8. HP: 31/59 MP: 0/0
  5072 | D:5      | Gained mutation: You possess an exceptional clarity of
                  | mind. [potion of mutation]
  5072 | D:5      | Gained mutation: You are partially covered in iridescent
                  | scales. (AC +2) [potion of mutation]
  5072 | D:5      | Gained mutation: You are mostly covered in iridescent
                  | scales. (AC +4) [potion of mutation]
  5075 | D:5      | HP: 4/91 [ogre (5)]
  5077 | D:5      | Mangled by an ogre

Illustrated notes

Levels and vault maps discovered:
D:1:      onia_arrival_mini_maze_b, layout_rooms, basic_ecumenical_altar,
          serial_shops, nicolae_shop_hallway_plus, shop_fountains, shop_statue
D:2:      layout_basic, roderic_serpentine_path, minmay_tree_intersection,
          uniq_sigmund, uniq_terence
D:3:      layout_basic, serial_shops, nicolae_shop_competitors_out_of_business
D:4:      layout_loops_cross, saegor_snake_ambush, uniq_duvessa
D:5:      layout_rooms, chequers_serial_rivers_micro_b

Skill      XL: |  1  2  3  4  5  6  7  8 |
---------------+-------------------------+-----
Fighting       | 1 2 3 4 5 |  5.7
Stealth        | 2 3 4 |  4.0
Spellcasting   | 4 5 |  5.5
Dodging        | |  2.1

Action                   |  1- 3 |  4- 6 |  7- 9 || total
-------------------------+-------+-------+-------++-------
Melee: Short sword       |       |       |     1 ||     1
 Fire: Hunting sling     |       |    26 |    14 ||    40
 Cast: Magic Dart        |    31 |    13 |       ||    44
       Searing Ray       |     3 |    36 |    16 ||    55
       Iskenderun's Myst |       |     2 |     4 ||     6
       Fulminant Prism   |       |     3 |     4 ||     7
       Dazzling Flash    |       |       |     1 ||     1
  Use: Scroll            |       |       |     5 ||     5
       Potion            |       |       |     6 ||     6
Armor: Robe              |       |     4 |     9 ||    13
Dodge: Dodged            |     3 |    17 |    19 ||    39
